Map: Nightshade LE

Players

PrintSC - Winner!

  • Race: Terran Terran
  • League: Master
  • Spawn Location: 11:00

A.I. 1 (Very Easy)

  • Race: Terran Terran
  • Spawn Location: 5:00

VOD

Have the link to the VOD?

Description

Time

  • Played on: April 19, 2020, 3:07 p.m.
  • Length: 10:11
Show
View Real Time Build Order
Export as new Build Order

PrintSC Terran - Winner!

Build Orders: 1/1/1 

Get SALT Encoding   

  12  0:01  SCV  
  13  0:13  SCV  
  14  0:17  Supply Depot  
  14  0:25  SCV  
  15  0:33  Refinery  
  15  0:38  SCV  
  16  0:44  Barracks  
  16  0:50  SCV  
  17  1:03  SCV  
  18  1:04  Refinery  
  18  1:15  SCV  
  19  1:31  Orbital Command, Reaper  
  20  1:41  Factory  
  20  1:48  Supply Depot  
  20  1:56  SCV  
  21  2:04  Barracks Reactor  
  21  2:08  SCV  
  22  2:20  SCV  
  23  2:23  Supply Depot  
  23  2:25  Hellion  
  23  2:26  Starport  
  25  2:33  SCV  
  26  2:42  Reaper x2  
  28  2:45  SCV  
  28  2:47  Hellion  
  28  2:49  Supply Depot  
  32  3:04  Medivac  
  33  3:08  Hellion  
  35  3:14  Reaper  
  35  3:17  Reaper  
  37  3:24  Command Center  
  37  3:26  SCV  
  38  3:32  Factory Tech Lab  
  38  3:37  Starport Tech Lab  
  38  3:39  SCV  
  39  3:47  Marine  
  39  3:48  Marine, Refinery  
  40  3:54  SCV  
  42  3:57  Supply Depot  
  42  4:02  Raven  
  44  4:06  SCV  
  45  4:10  Supply Depot  
  45  4:20  Marine x2, Cyclone  
  50  4:28  SCV  
  51  4:37  Orbital Command  
  51  4:40  SCV  
  52  4:50  Command Center  
  52  4:51  Raven  
  54  4:58  SCV  
  54  4:59  Marine x2  
  57  5:03  SCV  
  58  5:08  Siege Tank  
  58  5:10  SCV  
  62  5:20  Marine  
  62  5:21  Marine  
  64  5:22  SCV x2  
  64  5:28  Supply Depot  
  66  5:34  SCV x2  
  68  5:39  Barracks  
  68  5:41  Barracks  
  68  5:43  Siege Tank  
  68  5:47  SCV x2  
  73  5:51  Stimpack  
  73  5:52  Marine  
  74  5:59  Viking x2  
  74  6:03  Orbital Command  
  78  6:06  SCV  
  78  6:07  SCV  
  78  6:11  Marine  
  81  6:16  Siege Tank  
  81  6:18  SCV  
  85  6:19  SCV  
  85  6:23  Supply Depot  
  86  6:27  Barracks Reactor  
  86  6:28  Viking  
  86  6:30  SCV, Barracks Reactor  
  86  6:32  SCV x2  
  91  6:35  Marine  
  91  6:36  Orbital Command  
  91  6:37  Refinery  
  92  6:42  SCV  
  92  6:44  Viking  
  95  6:50  SCV  
  96  6:54  Marine, SCV  
  96  6:55  Siege Tank  
  96  6:58  Engineering Bay  
  96  6:59  Engineering Bay  
  101  7:01  Supply Depot  
  101  7:02  SCV  
  101  7:05  Supply Depot  
  101  7:06  Marine x4  
  106  7:10  SCV x2  
  106  7:12  Marine  
  109  7:22  Viking x2  
  109  7:23  Marine, SCV  
  109  7:24  Supply Depot  
  109  7:28  Supply Depot  
  109  7:29  Supply Depot  
  115  7:32  SCV x2  
  115  7:35  Marine, Combat Shield, SCV  
  119  7:40  Terran Infantry Weapons Level 1  
  119  7:41  Terran Infantry Armor Level 1  
  120  7:44  SCV  
  120  7:53  Marine x2  
  120  7:54  Marine x2  
  120  7:55  Marine  
  120  7:56  Siege Tank  
  128  8:01  Medivac  
  128  8:03  SCV  
  128  8:05  Refinery x2, Barracks x2  
  131  8:10  Supply Depot  
  131  8:11  Marine, Medivac  
  131  8:12  Marine x3, Supply Depot  
  136  8:14  Marine  
  138  8:21  SCV x2  
  138  8:23  SCV  
  138  8:25  Supply Depot  
  141  8:29  Marine  
  141  8:30  Marine, Siege Tank  
  141  8:32  Medivac  
  141  8:33  SCV x2  
  150  8:35  SCV  
  150  8:37  Marine x2  
  153  8:45  SCV  
  153  8:46  Supply Depot  
  153  8:47  Supply Depot  
  154  8:52  Missile Turret x2  
  154  8:53  Missile Turret x2  
  154  8:58  Marine, Barracks Reactor x2  
  154  8:59  Marine x3  
  154  9:00  Armory  
  158  9:05  Factory, Siege Tank, Barracks Reactor  
  161  9:13  SCV x3  
  164  9:19  Sensor Tower  
  164  9:21  Command Center  
  164  9:25  SCV x2  
  164  9:27  Supply Depot  
  164  9:29  Supply Depot  
  164  9:30  Marine x3  
  169  9:32  Marine  
  169  9:35  Marine, Medivac x2  
  169  9:37  Marine x2  
  177  9:42  Marine  
  177  9:43  Marine  
  182  9:48  Marine  
  182  9:49  Marine  
Show
View Real Time Build Order
Export as new Build Order

A.I. 1 (Very Easy) Terran 

Build Orders:  

Get SALT Encoding   

  12  0:00  SCV  
  13  0:13  SCV  
  14  0:17  Supply Depot  
  14  0:37  Refinery  
  14  0:42  Barracks  
  14  1:03  Supply Depot  
  14  1:11  Refinery  
  14  1:30  Marine  
  14  1:32  Orbital Command  
  15  1:49  Barracks Tech Lab  
  15  1:57  SCV  
  16  2:10  SCV  
  17  2:16  Marine  
  17  2:22  SCV  
  19  2:34  SCV  
  20  2:46  SCV  
  21  2:58  SCV  
  22  3:03  Marauder  
  24  3:58  SCV  
  24  4:20  Marine  
  24  4:21  Supply Depot  
  24  4:28  SCV  
  16  4:40  SCV  
  13  4:49  Marauder  
  13  4:52  SCV  
  6  5:04  SCV  
  4  5:16  SCV  
  4  5:17  Marine  
  4  5:20  Supply Depot  
  5  5:28  SCV  
  3  5:46  Marine  
Tags
 
League
Master
Matchup
TvT
Opening
1/1/1
Race
Terran
Spawn Locations
Cross Positions
Add a new tag
Caveats
  • Supply blocks, unpowered buildings, or Contaminate may cause inaccurate times.
  • Supply counts are checked every 10 seconds.